[Event "Early-Titled-Tuesday-Blitz-May-14-2024"]
[Site "Chess.com"]
[Date "2024.05.14"]
[Round "9"]
[White "Makswolf200817"]
[Black "Kunalm64"]
[Result "1-0"]
[WhiteElo "2782"]
[BlackElo "2613"]
[TimeControl "180+1"]
[EndTime "9:47:08 PDT"]
[Termination "Makswolf200817 won by checkmate"]

1. e4 c5 2. Nf3 d6 3. d4 Nf6 4. Nc3 cxd4 5. Nxd4 a6 6. Be2 e5 7. Nb3 Be7 8. O-O O-O 9. Re1 Be6 10. Bf3 Nbd7 11. Nd2 Rc8 12. Nf1 b5 13. Ne3 Nb6 14. a3 Qc7 15. Bd2 Rfd8 16. Ncd5 Nfxd5 17. exd5 Bd7 18. Ba5 f5 19. Rc1 e4 20. Be2 Bf6 21.
c4 Qa7 22. b4 f4 23. c5 fxe3 24. Bxb6 exf2+ 25. Kxf2 Qb8 26. Bxd8 Rxd8 27. Kg1 Rf8 28. Bg4 Bxg4 29. Qxg4 dxc5 30. bxc5 Bb2 31. Rc2 Bxa3 32. Qxe4 b4 33. Ra2 h6 34. d6 Qb5 35. Qd5+ Kh8 36. d7 Rd8 37. Rd1 a5 38. c6 Qb6+ 39.
Kh1 a4 40. Re2 Qb8 41. c7 Qxc7 42. Re8+ Kh7 43. Qe4+ g6 44. Qe7# 1-0

[Event "Early-Titled-Tuesday-Blitz-May-14-2024"]
[Site "Chess.com"]
[Date "2024.05.14"]
[Round "9"]
[White "mightysmasher"]
[Black "Yan_Dyomin2010"]
[Result "1/2-1/2"]
[WhiteElo "2566"]
[BlackElo "2683"]
[TimeControl "180+1"]
[EndTime "9:47:08 PDT"]
[Termination "Game drawn by repetition"]

1. e4 c5 2. c3 Nf6 3. e5 Nd5 4. d4 cxd4 5. cxd4 d6 6. Nf3 Nc6 7.
Bc4 Nb6 8. Bb5 dxe5 9. Nxe5 Bd7 10. Nxd7 Qxd7 11. O-O e6 12. Nc3 Be7 13. Qg4 Bf6 14. Be3 O-O 15. Rad1 Nd5 16. Ne4 a6 17. Bxc6 Qxc6 18.
Bh6 e5 19. Nxf6+ Qxf6 20. dxe5 Qxh6 21. Rxd5 Rad8 22. Rd7 Qb6 23. b3 h5 24. Qh3 Rxd7 25.
Qxd7 Rd8 26. Qh3 Rd2 27. Qxh5 Rxa2 28. Qf3 Rd2 29. h3 g6 30. Rc1 Rd8 31. Rc4 Qe6 32. Rc7 b5 33. h4 Rd5 34. h5 Rxe5 35. hxg6 Re1+ 36. Kh2 Qe5+ 37. Qg3 Qh5+ 38. Qh3 Qe5+ 39. Qg3 Qh5+ 40. Qh3 Qe5+ 41. Qg3 1/2-1/2

[Event "Early-Titled-Tuesday-Blitz-May-14-2024"]
[Site "Chess.com"]
[Date "2024.05.14"]
[Round "9"]
[White "TregubovP"]
[Black "rodp92"]
[Result "0-1"]
[WhiteElo "2681"]
[BlackElo "2552"]
[TimeControl "180+1"]
[EndTime "9:47:08 PDT"]
[Termination "rodp92 won by resignation"]

1. e4 g6 2. d4 c6 3. Nf3 d5 4. e5 Bg7 5. h3 Nh6 6. Bd3 f6 7. O-O O-O 8. Re1 Bf5 9. Bxh6 Bxh6 10. Bxf5 gxf5 11. e6 Qb6 12. Qd3 Qxb2 13. Nc3 Qb6 14.
Qxf5 Na6 15. Rab1 Qc7 16. Ne2 Kh8 17. Nh2 Rg8 18. Ng4 Rg6 19. Qh5 Bd2 20. Red1 Bg5 21. h4 Bf4 22. Rxb7 Qxb7 23. Nxf4 Rxg4 24. Qxg4 Rg8 25. Qf3 Qb2 26. c3 Qc2 27. Re1 Nc7 28. Nh5 Ne8 29. g3 a5 30. a3 a4 31. Kg2 Qb3 32. Qd3 Qxa3 33. Rb1 Qa2 34. Rb7 Qa3 35.
Nf4 Qd6 36. Qa6 Qxf4 37. Rxe7 Qe4+ 38. Kg1 Qe1+ 39. Kg2 Qe4+ 40. Kg1 Ng7 41. Qxc6 Nf5 42. Rf7 Nxg3 0-1

[Event "Early-Titled-Tuesday-Blitz-May-14-2024"]
[Site "Chess.com"]
[Date "2024.05.14"]
[Round "9"]
[White "Zhigalko_Sergei"]
[Black "Herzog2012"]
[Result "1-0"]
[WhiteElo "2853"]
[BlackElo "2579"]
[TimeControl "180+1"]
[EndTime "9:47:09 PDT"]
[Termination "Zhigalko_Sergei won on time"]

1. e4 c5 2. Nf3 d6 3. d4 cxd4 4. Qxd4 Nc6 5. Bb5 Qd7 6. Qd3 Nf6 7. Nc3 a6 8. Ba4 b5 9. Bb3 e6 10. Bf4 Bb7 11. O-O-O Rd8 12. Qe2 Qc7 13. Nd5 exd5 14. exd5+ Ne7 15. Rhe1 Kd7 16. Ng5 Kc8 17. Nxf7 Nexd5 18. Qe6+ Qd7 19. Bg5 Re8 20. Qxd7+ Kxd7 21. Nxh8 Be7 22.
Nf7 Rf8 23. Bxf6 Nxf6 24. Ne5+ Kc7 25. Nd3 Bd8 26. Nf4 Rh8 27. Ne6+ Kd7 28. f3 Bb6 29. Nxg7 d5 30. Nf5 Rg8 31. Re2 Kc8 32. Ne7+ Kd7 33.
Nxg8 Nxg8 34. Bxd5 Bxd5 35. Rxd5+ Kc6 36. Rf5 1-0

[Event "Early-Titled-Tuesday-Blitz-May-14-2024"]
[Site "Chess.com"]
[Date "2024.05.14"]
[Round "9"]
[White "Sosat98"]
[Black "NelsonLinda"]
[Result "1-0"]
[WhiteElo "2756"]
[BlackElo "2617"]
[TimeControl "180+1"]
[EndTime "9:47:10 PDT"]
[Termination "Sosat98 won on time"]

1. d4 Nf6 2. Nf3 g6 3. Bg5 Bg7 4. Nbd2 d5 5. Bxf6 Bxf6 6. e4 dxe4 7. Nxe4 Bg7 8. Bc4 O-O 9. h4 Bg4 10. c3 Nd7 11. h5 gxh5 12. Neg5 h6 13. Qd3 Nf6 14.
Nxf7 Rxf7 15. Ne5 e6 16. Nxf7 Kxf7 17. f3 b5 18. Bb3 c5 19. Qxb5 Bf5 20. Qxc5 Kg6 21.
O-O-O a5 22. g4 hxg4 23. fxg4 Bxg4 24. Rdg1 Qb8 25. Qe5 h5 26. Bxe6 Qxe5 27. dxe5 Bh6+ 28. Kb1 Ne4 29. Bxg4 hxg4 30. Rxg4+ Ng5 31. Ra4 Bg7 32.
Re1 Kf5 33. Rf1+ Kxe5 34. Rg4 Bf6 35. Rgf4 Ra6 36. Rf5+ 1-0

[Event "Early-Titled-Tuesday-Blitz-May-14-2024"]
[Site "Chess.com"]
[Date "2024.05.14"]
[Round "9"]
[White "AttilaTurzo"]
[Black "Louis-Paulsen-Fan"]
[Result "1-0"]
[WhiteElo "2459"]
[BlackElo "2330"]
[TimeControl "180+1"]
[EndTime "9:47:10 PDT"]
[Termination "AttilaTurzo won by resignation"]

1. d4 d5 2. Nc3 Nf6 3. Bf4 Bf5 4. Nb5 Na6 5. e3 e6 6. Nf3 c6 7. Nc3 Bd6 8. Bxd6 Qxd6 9. Bxa6 bxa6 10. Na4 Nd7 11.
O-O Bg4 12. h3 Bh5 13. c4 e5 14. g4 Bg6 15. cxd5 cxd5 16. Nxe5 Nxe5 17. dxe5 Qxe5 18. Qd4 f6 19. Rfd1 Rd8 20. Qxa7 O-O 21. Qd4 Qg5 22. Qf4 Qh4 23. Qg3 Qxg3+ 24. fxg3 Rfe8 25. Kf2 Re4 26. Rd4 Rc8 27. Nc3 Rxd4 28. exd4 Rb8 29. b3 Rc8 30.
Rc1 Kf7 31. Ne2 Rxc1 32. Nxc1 Ke6 33. Ke3 Kd6 34. Nd3 a5 35. Nc5 Kc6 36. Kd2 Kb5 37.
a3 h5 38. gxh5 Bxh5 39. h4 g5 40. hxg5 fxg5 41. Ne6 g4 42. Nf4 Bf7 43. Kc3 Bg8 44. Nd3 Be6 45. a4+ Kb6 46. b4 axb4+ 47. Kxb4 Kc6 48.
a5 Bc8 49. Ne5+ Kd6 50. Kb5 Be6 51. Kb6 1-0

[Event "Early-Titled-Tuesday-Blitz-May-14-2024"]
[Site "Chess.com"]
[Date "2024.05.14"]
[Round "9"]
[White "littlepinkyboy"]
[Black "viktorgen2021"]
[Result "0-1"]
[WhiteElo "2677"]
[BlackElo "2533"]
[TimeControl "180+1"]
[EndTime "9:47:11 PDT"]
[Termination "viktorgen2021 won by resignation"]

1. e4 g6 2. d4 Bg7 3. Nf3 d6 4. h3 Nf6 5. Nc3 O-O 6. Bc4 c6 7. O-O b5 8. Bd3 b4 9. Ne2 Nbd7 10. e5 Nd5 11. exd6 exd6 12. c4 bxc3 13. bxc3 a5 14.
Qc2 Ba6 15. Ng3 N7b6 16. Bxa6 Rxa6 17. Qd3 Ra7 18. Bg5 Qc8 19. Rfe1 c5 20. Rab1 c4 21. Qc2 Qc6 22. Bd2 Raa8 23. Ne4 Rfb8 24. h4 Qa4 25. Qc1 Qd7 26. h5 Re8 27. Bh6 Na4 28. Bxg7 Kxg7 29. h6+ Kg8 30. Qg5 Qf5 31. Qxf5 gxf5 32.
Nxd6 Rxe1+ 33. Rxe1 Naxc3 34. Nxf5 Nxa2 35. Ne5 c3 36.
Nc6 c2 37. Ne3 Nxe3 38. fxe3 c1=Q 39. Rxc1 Nxc1 40. d5 Nd3 41. d6 Nc5 42. Kf1 a4 43. Nb4 a3 44. Na2 Kf8 45. Ke1 Ke8 46. Kd1 Kd7 47.
Kc2 Kxd6 48. Kc3 Ra6 49. Kc4 Nd7 50. Kb4 Ke5 51. Kb5 Rxh6 52. Kb4 Rg6 53. Kxa3 Rxg2 54. Nb4 h5 0-1

[Event "Early-Titled-Tuesday-Blitz-May-14-2024"]
[Site "Chess.com"]
[Date "2024.05.14"]
[Round "9"]
[White "Cherepov_Alexej"]
[Black "KatakuriDono"]
[Result "1-0"]
[WhiteElo "2431"]
[BlackElo "2314"]
[TimeControl "180+1"]
[EndTime "9:47:13 PDT"]
[Termination "Cherepov_Alexej won by resignation"]

1. d4 Nf6 2. c4 Nc6 3. Nf3 e6 4. a3 d5 5. Nc3 Ne4 6. Bf4 Nxc3 7.
bxc3 Bd6 8. e3 Bxf4 9. exf4 O-O 10. Bd3 dxc4 11. Bxh7+ Kh8 12. Be4 Qf6 13. g3 Ne7 14. Ne5 Nd5 15. Qh5+ Qh6 16. Nxf7+ Rxf7 17. Qxf7 Nf6 18.
Bf3 Rb8 19. Qxc7 Ra8 20. O-O Bd7 21. Qxb7 Rf8 22. Qxa7 Qh3 23. Qc5 Rc8 24. Qg5 Bc6 25.
Bxc6 Ng4 26. Qh4+ Qxh4 27. gxh4 Rxc6 28. a4 Nf6 29. a5 Ra6 30. Rfb1 Nd5 31. Rb8+ Kh7 32.
Rc8 Nxc3 33. Rxc4 Ne2+ 34. Kf1 Nxf4 35. Rb4 Nd5 36. Rb7 Kg6 37. h5+ Kxh5 38. Rxg7 Kh4 39. Rg3 Nb4 40. Ke2 Nc2 41. Ra4 Rd6 42. Rd3 Rd8 43.
Kd2 Rc8 44. a6 1-0

[Event "Early-Titled-Tuesday-Blitz-May-14-2024"]
[Site "Chess.com"]
[Date "2024.05.14"]
[Round "9"]
[White "Lady_Nika"]
[Black "Nf3c5"]
[Result "0-1"]
[WhiteElo "2485"]
[BlackElo "2634"]
[TimeControl "180+1"]
[EndTime "9:47:14 PDT"]
[Termination "Nf3c5 won on time"]

1. d4 Nf6 2. e3 g6 3. c4 Bg7 4.
Nc3 O-O 5. e4 d6 6. f3 Nbd7 7. Be3 a6 8. Bd3 c5 9. d5 b5 10. cxb5 Qa5 11. Qd2 Nb6 12. Nce2 axb5 13. Qxa5 Rxa5 14. b4 Ra3 15. Rd1 Na4 16. Bxb5 Nb2 17.
Rb1 Rxe3 18. Rxb2 Nxd5 19. Rb3 Rxb3 20. axb3 Nxb4 21. Nh3 Be6 22. Ba4 Nd3+ 23. Kd2 Nb2 24. Nhf4 Nxa4 25. Nxe6 fxe6 26. bxa4 Ra8 27. Nf4 Kf7 28. Nh3 h6 29. Nf4 Rxa4 30. Ne2 Ra2+ 31. Ke3 d5 32. Rc1 c4 33. h4 g5 34. hxg5 hxg5 35. g4 Be5 36. Rd1 Ra3+ 37. Kf2 Rd3 38.
Rh1 d4 39. Rh7+ Bg7 40. Ng3 Kg6 41. Rh3 c3 42. Rh1 Be5 43. Nh5 Rd2+ 44. Ke1 d3 45. f4 gxf4 46. Rf1 Kg5 0-1

[Event "Early-Titled-Tuesday-Blitz-May-14-2024"]
[Site "Chess.com"]
[Date "2024.05.14"]
[Round "9"]
[White "emeli_chess"]
[Black "Chernov_Alexander_A"]
[Result "1/2-1/2"]
[WhiteElo "2421"]
[BlackElo "2276"]
[TimeControl "180+1"]
[EndTime "9:47:15 PDT"]
[Termination "Game drawn by repetition"]

1. d4 Nf6 2. c4 e6 3. Nc3 Bb4 4. Qc2 c5 5. dxc5 Na6 6. a3 Bxc5 7. Nf3 b6 8. e3 Bb7 9. b3 O-O 10. Bb2 Nc7 11. Be2 d5 12. O-O dxc4 13. bxc4 Qe7 14. Rfd1 Rfd8 15. a4 Rxd1+ 16. Rxd1 Rd8 17. Nb5 Rxd1+ 18.
Qxd1 Nce8 19. h3 a6 20. Nbd4 Ne4 21. Nb3 Bb4 22. Qd4 Qd6 23. Qxd6 N8xd6 24. Bd4 Nc5 25. Nxc5 bxc5 26. Be5 Ne4 27. Bd1 f6 28. Bb2 Kf7 29. Kf1 g5 30. Bc2 h5 31. Ke2 g4 32. hxg4 hxg4 33. Ne1 Nc3+ 34. Bxc3 Bxc3 35. g3 Bxe1 36. Kxe1 Ke7 37. Kd2 Kd6 38. Kc3 a5 39. Bd1 f5 40.
Bc2 Be4 41. Bd1 Ke5 42. Be2 Kd6 43. Bd1 Ke5 44. Be2 Kd6 45. Bd1 1/2-1/2

[Event "Early-Titled-Tuesday-Blitz-May-14-2024"]
[Site "Chess.com"]
[Date "2024.05.14"]
[Round "9"]
[White "Saxar85"]
[Black "baki83"]
[Result "0-1"]
[WhiteElo "2784"]
[BlackElo "2932"]
[TimeControl "180+1"]
[EndTime "9:47:18 PDT"]
[Termination "baki83 won on time"]

1. e4 c5 2. Nf3 e6 3. Nc3 Nc6 4.
Bb5 Nd4 5. O-O Nxb5 6. Nxb5 a6 7. Nc3 d6 8. d4 cxd4 9. Qxd4 Nf6 10. Bg5 Be7 11.
Rad1 Qc7 12. Rfe1 O-O 13. a4 b6 14. Nd2 h6 15. Bh4 g5 16. Bg3 e5 17. Qc4 Qb7 18. Nf1 Be6 19. Qd3 Rfc8 20. Ne3 Rxc3 21. Qxc3 Nxe4 22.
Qd3 f5 23. c4 Kg7 24. Nd5 Bxd5 25. cxd5 b5 26. f3 Qb6+ 27. Kh1 Nxg3+ 28. hxg3 Rf8 29.
axb5 axb5 30. Rc1 Qf2 31. Kh2 f4 32. g4 h5 33. gxh5 Rf6 34. Re2 Qh4+ 35. Kg1 Qxh5 36.
Rc7 Kf7 37. Rec2 g4 38. fxg4 Qxg4 39. Qf3 Qh4 40. Rc1 Rh6 41. Kf1 Rg6 42. Ke2 Rg3 0-1

[Event "Early-Titled-Tuesday-Blitz-May-14-2024"]
[Site "Chess.com"]
[Date "2024.05.14"]
[Round "9"]
[White "artin10862"]
[Black "karinachess1"]
[Result "1-0"]
[WhiteElo "2861"]
[BlackElo "2628"]
[TimeControl "180+1"]
[EndTime "9:47:20 PDT"]
[Termination "artin10862 won on time"]

1. d4 Nf6 2. c4 e6 3. Bf4 d5 4.
cxd5 exd5 5. e3 c6 6. Bd3 Bd6 7. Bxd6 Qxd6 8. Nc3 Nbd7 9. Qc2 Nb6 10. h3 Be6 11.
Nge2 h6 12. O-O O-O 13. b3 Rfe8 14. f3 Nfd7 15. Qd2 c5 16. dxc5 Nxc5 17. Nd4 Rad8 18. Rac1 a6 19. Nce2 Rc8 20. Bb1 Nbd7 21. g4 f6 22. b4 Na4 23. Rxc8 Rxc8 24. Nxe6 Qxe6 25. Nf4 Qd6 26. Nxd5 Nc3 27. Nxf6+ Qxf6 28. Qxd7 Rd8 29. Qf5 Qh4 30. g5 Qg3+ 31. Kh1 Rd2 32. Qh7+ Kf8 33. Qh8+ Kf7 34. g6+ Kf6 35. Qf8+ Kg5 36. Qf5+ Kh4 37. Qg4+ Qxg4 38. hxg4 Ne2 39. Rf2 Ng3+ 40. Kg2 Rd1 41. Bf5 Ra1 42. e4 Re1 43. Rc2 Ra1 44. Kf2 Nh1+ 45.
Ke3 Re1+ 46. Kf4 1-0

[Event "Early-Titled-Tuesday-Blitz-May-14-2024"]
[Site "Chess.com"]
[Date "2024.05.14"]
[Round "9"]
[White "Aemulus20"]
[Black "PeshkaCh"]
[Result "0-1"]
[WhiteElo "2653"]
[BlackElo "2868"]
[TimeControl "180+1"]
[EndTime "9:47:20 PDT"]
[Termination "PeshkaCh won on time"]

1. e4 e5 2. Nf3 Nc6 3. Bb5 a6 4. Ba4 Nge7 5. O-O Ng6 6. Nc3 Be7 7. d4 exd4 8. Nd5 O-O 9. Nxe7+ Qxe7 10. Bxc6 dxc6 11.
Qxd4 Bg4 12. Qe3 Rfe8 13. Nd2 Rad8 14. f3 Be6 15. b3 f5 16. Bb2 f4 17. Qf2 Rd7 18.
Rfe1 Red8 19. Nf1 Qg5 20. Qe2 Nh4 21. Kh1 Bf7 22. Bc3 Bh5 23. e5 h6 24. e6 Re7 25.
Nd2 Kh8 26. Ne4 Qg6 27. Qf2 Nf5 28. Nc5 b6 29. Nd3 Qg5 30. Be5 Rxe6 31. Bxf4 Qf6 32.
Rxe6 Qxa1+ 33. Re1 Qxa2 34. Kg1 Nd4 35. Be5 Qxc2 36.
Qe3 Nf5 37. Qf4 Qxd3 38. g4 Rf8 39. gxf5 Kh7 40. f6 gxf6 41. Bxc7 Rg8+ 42. Kh1 Bxf3+ 0-1

[Event "Early-Titled-Tuesday-Blitz-May-14-2024"]
[Site "Chess.com"]
[Date "2024.05.14"]
[Round "9"]
[White "profedechess93"]
[Black "Gryffindorac8"]
[Result "0-1"]
[WhiteElo "2620"]
[BlackElo "2518"]
[TimeControl "180+1"]
[EndTime "9:47:20 PDT"]
[Termination "Gryffindorac8 won by resignation"]

1. e4 c5 2. Nf3 d6 3. Bb5+ Bd7 4.
Bxd7+ Qxd7 5. O-O Nc6 6. Re1 e6 7. c3 d5 8. exd5 Qxd5 9. Na3 Nf6 10. d4 cxd4 11. Nxd4 Bxa3 12. bxa3 Nxd4 13. cxd4 O-O 14. Re5 Qd7 15. Rb1 b6 16. Qf3 Rac8 17. Bh6 Qxd4 18. Qg3 Ne8 19. h3 Rc3 20. Be3 Qd3 21.
Rb4 Rc4 22. Rb3 Qg6 23. Qf3 Qf6 24. Qg3 Nd6 25. Bg5 Qg6 26. f3 Nf5 27. Rxf5 Qxf5 28. Re3 Rc2 29. Be7 Re8 30. Bd6 Rc1+ 31. Kh2 Qg6 32. Qf2 Rc2 33. Qf1 h5 34. Bg3 Rd8 35. Re2 Rdd2 36. Rxd2 Rxd2 37. Bf2 h4 38. Qe1 Rxa2 39.
Qe5 Rxf2 0-1

[Event "Early-Titled-Tuesday-Blitz-May-14-2024"]
[Site "Chess.com"]
[Date "2024.05.14"]
[Round "9"]
[White "jasrom"]
[Black "DvaHrasta"]
[Result "1-0"]
[WhiteElo "2370"]
[BlackElo "2509"]
[TimeControl "180+1"]
[EndTime "9:47:22 PDT"]
[Termination "jasrom won on time"]

1. e4 c6 2. Nc3 d5 3. Nf3 Nf6 4. e5 Ne4 5. Bd3 Nxc3 6. dxc3 Bg4 7. h3 Bxf3 8. Qxf3 e6 9. Qg3 Nd7 10. O-O a5 11. a4 Qc7 12. f4 O-O-O 13. Bd2 g6 14.
Kh1 h5 15. b4 h4 16. Qf2 axb4 17. cxb4 Qb6 18. Be3 c5 19. a5 Qc7 20. b5 c4 21. Be2 Bc5 22. Rfb1 Bxe3 23. Qxe3 Qc5 24.
Qc3 Rhg8 25. b6 Nb8 26. Bg4 Na6 27. Ra4 Kb8 28. Qe1 Qe7 29. c3 Rc8 30. Ra2 Rgd8 31.
Qe3 Qc5 32. Qe1 d4 33. cxd4 Rxd4 34. Qxh4 Rxf4 35. Qg5 Rd4 36. Rf2 Rd7 37. Rbf1 Rf8 38.
Qh6 Re7 39. Qxf8+ 1-0

[Event "Early-Titled-Tuesday-Blitz-May-14-2024"]
[Site "Chess.com"]
[Date "2024.05.14"]
[Round "9"]
[White "LangesNasenhaar"]
[Black "Vasily_IM"]
[Result "1/2-1/2"]
[WhiteElo "2477"]
[BlackElo "2600"]
[TimeControl "180+1"]
[EndTime "9:47:23 PDT"]
[Termination "Game drawn by agreement"]

1. d4 d5 2. Nf3 Nf6 3. g3 e6 4.
Bg2 a6 5. O-O b5 6. a4 Bb7 7.
axb5 axb5 8. Rxa8 Bxa8 9. Qd3 b4 10. Bg5 Be7 11. Ne5 O-O 12. Qb5 c6 13. Qa4 Bb7 14. Bxf6 gxf6 15. Nd3 Ba6 16. Nd2 Qb6 17. Nb3 Bb5 18. Qa5 Nd7 19. Ra1 Rb8 20. e3 Bf8 21.
Bf1 e5 22. Bh3 Bxd3 23. cxd3 Qb7 24. Qa7 Nb6 25. Qxb7 Rxb7 26. Rc1 Na4 27. Rc2 Rc7 28. Bg2 Bd6 29. Na5 c5 30. Bxd5 cxd4 31. Nc4 dxe3 32. fxe3 Nb6 33. Bxf7+ Kg7 34. Be6 Nxc4 35. Bxc4 Bc5 36. Kf2 f5 37. Kf3 Kf6 38. Bb3 Bd6 39. Rxc7 Bxc7 40. e4 Bb6 41. h3 Bd4 42. Bg8 Kg7 43.
Be6 fxe4+ 44. Kxe4 Bxb2 45. h4 Bd4 46. g4 h6 47. h5 Kf6 48. Bd5 Kg5 49. Kf3 Bc3 1/2-1/2

[Event "Early-Titled-Tuesday-Blitz-May-14-2024"]
[Site "Chess.com"]
[Date "2024.05.14"]
[Round "9"]
[White "Artem_Koval"]
[Black "Der_Balak_3Halak"]
[Result "1-0"]
[WhiteElo "2571"]
[BlackElo "2398"]
[TimeControl "180+1"]
[EndTime "9:47:23 PDT"]
[Termination "Artem_Koval won by checkmate"]

1. d4 d5 2. c4 c6 3. Nc3 Nf6 4. e3 e6 5. Nf3 Bd6 6. Bd3 O-O 7. O-O dxc4 8. Bxc4 Nbd7 9. Qe2 b5 10. Bd3 Bb7 11.
e4 e5 12. Bg5 a6 13. Rfd1 Qe7 14. Bc2 h6 15. Bh4 Rfe8 16. dxe5 Nxe5 17. Nd4 Bc8 18.
h3 c5 19. Nf5 Bxf5 20. exf5 Rad8 21. Nd5 Qf8 22. Bxf6 gxf6 23. Nxf6+ Kg7 24. Nxe8+ Rxe8 25. f6+ Kxf6 26. Qh5 Bc7 27. Qf5+ Kg7 28. Re1 Ng6 29. Rxe8 Qxe8 30. Qxc5 Be5 31. Bxg6 fxg6 32. Qe3 Qb8 33. Re1 Kf6 34. Qxh6 Qd6 35. Qh8+ Kf5 36. Qxe5+ Qxe5 37. Rxe5+ Kxe5 38. h4 Kd4 39. g4 Ke4 40. Kg2 Kf4 41.
h5 gxh5 42. gxh5 Kg5 43. Kf3 Kxh5 44. Ke4 Kg4 45. f4 a5 46. f5 Kg5 47. Ke5 b4 48. f6 Kg6 49. Ke6 a4 50. f7 a3 51.
bxa3 b3 52. axb3 Kg7 53. Ke7 Kg6 54. f8=Q Kh7 55. Qf3 Kg6 56. Qf6+ Kh7 57. Qg5 Kh8 58. Kf7 Kh7 59. Qh5# 1-0

[Event "Early-Titled-Tuesday-Blitz-May-14-2024"]
[Site "Chess.com"]
[Date "2024.05.14"]
[Round "9"]
[White "MikeWizard"]
[Black "Mandaloriana19"]
[Result "0-1"]
[WhiteElo "2005"]
[BlackElo "2423"]
[TimeControl "180+1"]
[EndTime "9:47:23 PDT"]
[Termination "Mandaloriana19 won by resignation"]

1. d4 d5 2. c4 a6 3. cxd5 Qxd5 4. Nc3 Qd8 5. e4 e6 6. Nf3 Nf6 7. Bg5 h6 8. Bh4 g5 9. Bg3 Bg7 10. Ne5 Nbd7 11. Be2 Nb6 12. h4 g4 13. Bxg4 Nxg4 14.
Qxg4 Bf6 15. Rd1 Qe7 16. Qh5 Rh7 17. O-O Qb4 18. Qe2 h5 19. Nf3 Qe7 20. e5 Bg7 21. Ng5 Rh8 22. Nge4 Bd7 23. Qf3 Bc6 24. Qf4 O-O-O 25.
b3 Rhg8 26. a4 Nd5 27. Nxd5 Bxd5 28. b4 Qxb4 29. Qxf7 Bxe4 30. Qxh5 Bf8 31. Rfe1 Bd5 32. Qf7 Qe7 33. Qxe7 Bxe7 34. Re3 Rdf8 35. Rc3 c6 36. Rb1 Rg4 37. Rd3 Rfg8 38. Rd2 Bxh4 39. Bxh4 Rxh4 40. Rdb2 Rxg2+ 41. Kf1 Rh1+ 42. Ke2 Rxb1 43. Rxb1 Rg4 44. Ke3 Rh4 45. Rg1 Kc7 46. Rg7+ Kb6 47. Re7 a5 48. Rd7 Rh3+ 49. Kd2 Ra3 50. Re7 Rxa4 51. Ke3 Ra3+ 52. Kd2 a4 53. f4 Rf3 54. Rf7 a3 55.
Kc2 a2 56. Kb2 Rf2+ 57. Ka1 Rf1+ 0-1

[Event "Early-Titled-Tuesday-Blitz-May-14-2024"]
[Site "Chess.com"]
[Date "2024.05.14"]
[Round "9"]
[White "sergiochess83"]
[Black "Hope_6"]
[Result "0-1"]
[WhiteElo "2854"]
[BlackElo "2668"]
[TimeControl "180+1"]
[EndTime "9:47:24 PDT"]
[Termination "Hope_6 won by resignation"]

1. d4 f5 2. Bg5 g6 3. e3 Bg7 4. Bc4 Nf6 5. Nc3 c6 6. Bb3 d5 7. Nf3 Be6 8. Ne2 Nbd7 9. Nf4 Bf7 10. h4 h6 11. Bxf6 Bxf6 12. Qe2 e5 13. dxe5 Nxe5 14. O-O-O Qe7 15. Nd4 O-O-O 16. h5 g5 17. Ng6 Nxg6 18. hxg6 Bxg6 19. c3 Kb8 20. Bc2 Bxd4 21. Rxd4 Qe6 22. Qf3 Rdf8 23. Rhd1 a6 24. c4 dxc4 25. Rd6 Qe8 26. g4 Ka7 27. gxf5 Bh5 28.
Qg3 Bxd1 29. Rxd1 Qe7 30. e4 Re8 31. Rd4 Qe5 32. Qe3 Qc5 33. Qd2 h5 34. Rd7 h4 35.
f6 h3 36. f7 Ref8 37. Bd1 h2 38. Bf3 g4 39. Bh1 g3 40. fxg3 Qg1+ 41. Qd1 Qxg3 42. Rxb7+ Kxb7 43. Qd7+ Qc7 0-1

[Event "Early-Titled-Tuesday-Blitz-May-14-2024"]
[Site "Chess.com"]
[Date "2024.05.14"]
[Round "9"]
[White "GeorgiosSouleidis"]
[Black "kuchma777"]
[Result "1-0"]
[WhiteElo "2676"]
[BlackElo "2537"]
[TimeControl "180+1"]
[EndTime "9:47:25 PDT"]
[Termination "GeorgiosSouleidis won on time"]

1. e4 c6 2. Nc3 d5 3. Nf3 dxe4 4. Nxe4 Nf6 5. Qe2 Nxe4 6. Qxe4 Nd7 7. d4 Nf6 8. Qd3 g6 9. Be2 Bf5 10. Qb3 Qc8 11. O-O Bg7 12. Bc4 O-O 13. Ne5 e6 14. a4 h5 15. Re1 a6 16. a5 c5 17. dxc5 Ne4 18. Nd3 Nxc5 19. Nxc5 Qxc5 20. Be3 Qc6 21. c3 h4 22. h3 Rac8 23. Bf1 Bf6 24. Rad1 Rfd8 25.
Bb6 Rxd1 26. Rxd1 Kg7 27. Qb4 Be4 28. Rd6 Bxg2 29. Rxc6 Bxc6 30. Bg2 Bb5 31. Bd4 e5 32. Be3 Rc4 33. Qd6 e4 34. Bh6+ Kxh6 35. Qxf6 e3 36. fxe3 Be8 37. e4 Ra4 38. Qxh4+ Kg7 39. Qe7 Ra1+ 40.
Kh2 Bc6 41. e5 Bb5 42. e6 Rb1 43. Qxf7+ Kh6 44. Qf4+ Kg7 45. Qe5+ Kh6 46. Qf4+ Kg7 47. c4 1-0

[Event "Early-Titled-Tuesday-Blitz-May-14-2024"]
[Site "Chess.com"]
[Date "2024.05.14"]
[Round "9"]
[White "DenLaz"]
[Black "snowlord"]
[Result "0-1"]
[WhiteElo "3103"]
[BlackElo "2954"]
[TimeControl "180+1"]
[EndTime "9:47:26 PDT"]
[Termination "snowlord won by resignation"]

1. d4 Nf6 2. c4 e6 3. Nf3 d5 4. g3 Bb4+ 5. Bd2 a5 6. Bg2 dxc4 7. a3 Bxd2+ 8. Nbxd2 b5 9. b3 cxb3 10. Qxb3 c6 11.
O-O O-O 12. Rfc1 Ra6 13. Qb2 Nbd7 14. Ne1 Bb7 15. Nd3 Rb6 16. Nb3 Qa8 17. Nbc5 Rd8 18. Rc2 Nxc5 19. Nxc5 Bc8 20. Rac1 Nd5 21. Nd3 Bd7 22.
e4 Nf6 23. Nc5 Be8 24. e5 Nd5 25. Ne4 Qb8 26. h4 h6 27. Rc5 Ne7 28. Bh3 Rd5 29.
h5 b4 30. a4 b3 31. Bf1 Rb4 32. Bc4 Rxc5 33. Nxc5 Nf5 34. Nxb3 c5 35. dxc5 Bxa4 36.
Rc3 Nd4 37. c6 Bxc6 38. Qa2 Nf3+ 39. Kf1 a4 40. Nc1 Rb2 41. Qa3 Nd2+ 42. Ke1 Qxe5+ 43. Kd1 Nxc4 44. Rxc4 Qd5+ 45. Ke1 Qd2+ 0-1

[Event "Early-Titled-Tuesday-Blitz-May-14-2024"]
[Site "Chess.com"]
[Date "2024.05.14"]
[Round "9"]
[White "Fh2411"]
[Black "DenisQ"]
[Result "0-1"]
[WhiteElo "2560"]
[BlackElo "2731"]
[TimeControl "180+1"]
[EndTime "9:47:28 PDT"]
[Termination "DenisQ won by resignation"]

1. d4 d5 2. Nf3 Nf6 3. Bf4 c5 4. e3 cxd4 5. exd4 Nc6 6. c3 Bg4 7. Nbd2 a6 8. Qb3 Na5 9. Qc2 e6 10.
Ne5 Bf5 11. Qa4+ b5 12. Bxb5+ axb5 13. Qxb5+ Nd7 14. b4 f6 15. Nxd7 Qxd7 16. Qxd7+ Kxd7 17. bxa5 Rxa5 18. a4 Bc2 19. O-O Be7 20. Ra2 Bxa4 21.
Rfa1 Rha8 22. Nb3 R5a6 23. h4 h5 24. g3 Bb5 25. Rxa6 Rxa6 26. Rxa6 Bxa6 27. f3 Kc6 28. Kf2 Kb5 29. Nd2 Ka4 30. Bc7 Ka3 31. Ba5 Kb2 32. Ke3 Bd6 33. f4 Kc2 34. Bb4 Bxb4 35. cxb4 Kc3 36.
Nf3 Kxb4 37. f5 exf5 38. Ne1 Kc3 39. Ng2 g5 40. Ne1 f4+ 41. gxf4 gxh4 42. Nf3 h3 43. Nh2 Bc8 44. Nf3 Bg4 45. Nh2 Kc2 46. Nf1 Kd1 47.
Kf2 Be2 48. Ne3+ Kd2 49. Nxd5 h2 50. Kg2 Bf3+ 51. Kxh2 Bxd5 52. Kh3 Ke3 53. Kh4 Kxf4 54. Kxh5 Ke4 55. Kg6 f5 0-1

[Event "Early-Titled-Tuesday-Blitz-May-14-2024"]
[Site "Chess.com"]
[Date "2024.05.14"]
[Round "9"]
[White "AryanTari"]
[Black "kingofthenil"]
[Result "1-0"]
[WhiteElo "3047"]
[BlackElo "2849"]
[TimeControl "180+1"]
[EndTime "9:47:29 PDT"]
[Termination "AryanTari won by resignation"]

1. e4 Nc6 2. d4 d5 3. e5 Bf5 4. Nf3 e6 5. Bb5 Ne7 6. O-O a6 7. Ba4 f6 8. Re1 b5 9. Bb3 fxe5 10. dxe5 Ng6 11. a4 Be7 12. axb5 axb5 13. Rxa8 Qxa8 14. Nc3 Qa5 15. Nxd5 exd5 16. Qxd5 Nd8 17. e6 Qb6 18. Qxf5 Rf8 19. Qd5 Qc6 20. Nd4 Qxd5 21. Bxd5 Nf4 22. Bf3 c5 23. Nxb5 Nfxe6 24. Be3 Kd7 25. Rd1+ Kc8 26.
Nd6+ Bxd6 27. Rxd6 Kc7 28. Rd1 Nc6 29. c3 Ne5 30.
Bd5 Nf4 31. Bxc5 Rd8 32. Bb3 Ned3 33. Be3 Rb8 34. Bc4 Rxb2 35. h4 Ne2+ 36. Kh2 Nxf2 37. Bxf2 Nxc3 38. Bg3+ Kc6 39. Rc1 Ne4 40. Bd3+ Kd5 41.
Bxe4+ Kxe4 42. Rc7 g5 43. hxg5 Kf5 44. Rxh7 Kxg5 45.
Rc7 Kg4 46. Rc4+ Kg5 47. Kh3 Kh5 48. Rc5+ Kg6 49. Bf4 Rc2 50. Rxc2 Kf5 51. g3 Ke4 52. Kg4 1-0